 Dungeon Crawl Stone Soup version 0.14-a0-519-g334afa2 (webtiles) character file.

122 CptWwolf the Chiller (level 4, -2/36 HPs)
             Began as a Naga Ice Elementalist on Nov 1, 2013.
             Was an Initiate of Sif Muna.
             Slain by a jackal (3 damage)
             ... on Level 3 of the Dungeon.
             The game lasted 00:27:59 (4716 turns).

CptWwolf the Chiller (Naga Ice Elementalist)        Turns: 4716, Time: 00:27:59

HP  -2/36        AC  2     Str 10      XL: 4   Next: 45%
MP   7/7         EV  9     Int 17      God: Sif Muna [......]
Gold 38          SH  0     Dex 11      Spells:  1 memorised,  5 levels left

Res.Fire  : . . .   See Invis. : +   j - +3,+1 flail
Res.Cold  : . . .   Warding    : +   d - +0 elf leather armour (curse)
Life Prot.: + . .   Conserve   : .   (no shield)
Res.Poison: +       Res.Corr.  : .   (no helmet)
Res.Elec. : .       Clarity    : .   (no cloak)
Sust.Abil.: . .     Spirit.Shd : .   (no gloves)
Res.Mut.  : .       Stasis     : .   (no barding)
Res.Rott. : .       Flight     : .   g - amulet of warding {unknown}
Saprovore : . . .                    (no ring)
                                     f - ring of wizardry

@: very slow, slightly resistant to hostile enchantments, fairly stealthy
A: spit poison, see invisible, deformed body, poison resistance, slowness 2, AC
+1
a: Spit Poison, Renounce Religion


You were on level 3 of the Dungeon.
You worshipped Sif Muna.
Sif Muna was noncommittal.
You were starving.

You visited 1 branch of the dungeon, and saw 3 of its levels.

You collected 38 gold pieces.

Inventory:

Hand weapons
 j - a +3,+1 flail (weapon)
Armour
 a - a +0 robe
 d - a cursed +0 elven leather armour (worn)
 l - a +0 chain mail
Scrolls
 c - a scroll of noise {unknown}
Jewellery
 f - a ring of wizardry (left hand)
 g - an amulet of warding (around neck) {unknown}
Books
 b - a book of Frost

   Spells                             Type                      Level
   *Freeze                            Ice                          1
   Throw Frost                        Conjuration/Ice              2
   Ozocubu's Armour                   Charms/Ice                   3
   Throw Icicle                       Conjuration/Ice              4
   Summon Ice Beast                   Ice/Summoning                4
   Condensation Shield                Ice                          4


   Skills:
 + Level 0.2 Fighting
 + Level 0.8 Maces & Flails
 + Level 0.4 Armour
 + Level 2.2 Dodging
 + Level 3.2 Stealth
 + Level 1.9 Spellcasting
   Level 1.0 Conjurations
 * Level 3.8 Ice Magic


You had 5 spell levels left.
You knew the following spells:

 Your Spells              Type           Power        Failure   Level  Hunger
a - Freeze                Ice            ##..         1%          1    #......


Dungeon Overview and Level Annotations

Branches:
Dungeon (3/27)

Altars:
Kikubaaqudgha
Sif Muna


Innate Abilities, Weirdness & Mutations

You cannot wear boots.
You can spit poison.
Your serpentine skin is tough (AC +1).
You have supernaturally acute eyesight.
Armour fits poorly on your strangely shaped body.
Your system is resistant to poisons.
You cover ground very slowly.


Message History

You hit the kobold but do no damage. The kobold closely misses you.
The kobold closely misses you.
You barely miss the kobold. The kobold hits you with a dagger.
You closely miss the kobold. The kobold hits you with a dagger.
* * * LOW HITPOINT WARNING * * *
You barely miss the kobold. The kobold hits you with a dagger.
* * * LOW HITPOINT WARNING * * *
The kobold hits you but does no damage.
You closely miss the kobold. The kobold hits you with a dagger.
* * * LOW HITPOINT WARNING * * *
You hit the kobold.
The kobold is heavily wounded.
The kobold barely misses you.
You hit the kobold.
You kill the kobold!
The jackal barely misses you.
You barely miss the jackal. The jackal closely misses you. The kobold hits you.
* * * LOW HITPOINT WARNING * * *
The jackal bites you.
You die...

#########+#######
###...............#
#.#.#.#...........#
..................#
#.#.#.#.#.<.........#
........K@...........#
#.#.#.#h##.##########
............#
#.#.#.#.##.# ......#.#
#.# #.##.# h.. ...#.#
# #.##.# ... .


You could see a jackal and a kobold.

Vanquished Creatures
  2 adders (D:2)
  A gnoll (D:1)
  6 giant geckos
  3 oozes
  6 goblins
  4 hobgoblins
  4 jackals (D:1)
  A quokka (D:3)
  3 bats (D:1)
  A giant newt (D:1)
  7 kobolds
  9 rats
47 creatures vanquished.

Notes
Turn   | Place    | Note
--------------------------------------------------------------
     0 | D:1      | CptWwolf, the Naga Ice Elementalist, began the quest for the Orb.
     0 | D:1      | Reached XP level 1. HP: 15/15 MP: 3/3
   340 | D:1      | Reached XP level 2. HP: 4/22 MP: 0/4
   853 | D:1      | Reached XP level 3. HP: 21/28 MP: 0/6
  1439 | D:1      | Noticed a jelly
  1764 | D:2      | HP: 1/28 [worm (10)]
  2069 | D:1      | Noticed a jelly
  3206 | D:2      | Found an ancient bone altar of Kikubaaqudgha.
  3591 | D:2      | Reached XP level 4. HP: 29/36 MP: 7/7
  4526 | D:2      | Found a deep blue altar of Sif Muna.
  4535 | D:2      | Became a worshipper of Sif Muna the Loreminder
  4541 | D:2      | HP: 1/36 [poisoned by an adder]
  4546 | D:2      | HP: 1/36 [poisoned by an adder]
  4556 | D:2      | HP: 1/36 [poisoned by an adder]
  4716 | D:3      | HP: 1/36 [kobold (2)]
  4716 | D:3      | Slain by a jackal

Action                   |  1- 3 |  4- 6 || total
-------------------------+-------+-------++-------
Melee: Whip              |    16 |       ||    16
       Unarmed           |     2 |       ||     2
       Dagger            |     2 |       ||     2
       Flail             |    94 |    51 ||   145
 Cast: Freeze            |    29 |     1 ||    30
  Use: Scroll            |       |     4 ||     4
 Stab: Sleeping          |     1 |       ||     1
